 Dungeon Crawl Stone Soup version 0.30.1-11-g7821555f0a (webtiles) character file.

Game seed: 4783183935558861168

44 Kallu the Vexing (level 3, -2/20 HPs)
             Began as a Vampire Enchanter on Jan 1, 2024.
             Slain by a goblin
             ... wielding a +0 club
             ... led by Robin
              (3 damage)
             ... on level 2 of the Dungeon.
             The game lasted 00:03:23 (1270 turns).

Kallu the Vexing (Vampire Enchanter)                Turns: 1270, Time: 00:03:24

Health: -2/20      AC:  4    Str:  7    XL:     3   Next: 41%
Magic:  2/6        EV: 12    Int: 19    God:
Gold:   95         SH:  0    Dex: 14    Spells: 4/6 levels left

rFire   . . .        a - +1 dagger
rCold   + + .        (no shield)
rNeg    + + +        b - +0 robe
rPois   ∞            f - +0 helmet
rElec   .            (no cloak)
rCorr   .            n - +0 pair of gloves
SInv    +            (no boots)
Will    .....        (no amulet)
Stlth   +++++        (no ring)
HPRegen 0.00/turn    (no ring)
MPRegen 0.10/turn

%: no passive effects
@: bloodless, inhibited regen, invisible
A: bloodless, fangs 3, see invisible, vampiric 2
a: Bat Form, Revivify


You were on level 2 of the Dungeon.
You visited 1 branch of the dungeon, and saw 2 of its levels.

You collected 95 gold pieces.

Inventory:

Hand Weapons
 a - a +1 dagger (weapon)
Armour
 b - a +0 robe (worn)
 f - a +0 helmet (worn)
 n - a +0 pair of gloves (worn)
Wands
 o - a wand of paralysis (9)
Scrolls
 g - 2 scrolls of magic mapping {unknown}
 h - a scroll of poison {unknown}
 i - 3 scrolls of teleportation {unknown}
 j - 2 scrolls of identify {unknown}
 k - a scroll of torment {unknown}
Potions
 c - a potion of invisibility
 d - 2 potions of curing {unknown}
 e - a potion of flight {unknown}
 l - a potion of might {unknown}
 m - a potion of mutation {unknown}


   Skills:
 * Level 1.6 Fighting
 + Level 1.8 Short Blades
 - Level 2.1 Dodging
 - Level 4.4 Stealth
 - Level 2.0 Spellcasting
 * Level 5.4 Hexes


You had 4 spell levels left.
You knew the following spells:

 Your Spells              Type           Power      Damage    Failure   Level
a - Ensorcelled Hibernat  Hex/Ice        24%        N/A       9%          2

Your spell library contained the following spells:

 Spells                   Type           Power      Damage    Failure   Level
 Confusing Touch          Hex            22%        N/A       5%          3
 Tukima's Dance           Hex            22%        N/A       5%          3
 Dazzling Flash           Conj/Hex       24%        N/A       17%         3


Dungeon Overview and Level Annotations

Branches:
Dungeon (2/15)

Altars:

Shops:
D:1 *

Annotations:
D:2 Robin


Innate Abilities, Weirdness & Mutations

You do not regenerate when monsters are visible.
You are frail without blood (-20% HP).
You can heal yourself when you bite living creatures.
You are immune to poison.
You have razor-sharp teeth.
You have supernaturally acute eyesight. (SInv)
You are afflicted with vampirism and can become a bat while bloodless.


Message History

The goblin attacks as you move away! The goblin misses you.
You hit the goblin. Your bite misses the goblin.
The goblin is moderately wounded.
You barely miss the goblin. Your bite misses the goblin.
The goblin is moderately wounded.
The goblin hits you with a +0 club. The goblin attacks as you move away!
The goblin closely misses you.
The goblin no longer looks unusually strong.
Things that are here:
a +0 club; a goblin corpse Robin throws the goblin at you!
The goblin hits you but does no damage. The goblin hits you with a +0 dagger.
* * * LOW HITPOINT WARNING * * *
The goblin attacks as you move away! The goblin hits you but does no damage.
The goblin attacks as you move away! The goblin completely misses you.
Aiming: Ensorcelled Hibernation (safe; 9% risk of failure)
Press: ? - help, Q - select action, (/) - cycle Shift-Dir - straight line, f/p - Robin
Aim: Robin, wielding a +0 dagger, wearing a +0 animal skin and wearing a +0 helmet (chance to affect: 54%)
The goblin looks drowsy...
The goblin shouts!
Robin throws the goblin at you!
* * * LOW HITPOINT WARNING * * *
Robin roars a battlecry!
The goblins go into a battle-frenzy!
The goblin barely misses you. The goblin hits you with a +0 dagger.
* * * LOW HITPOINT WARNING * * *
The goblin attacks as you move away! The goblin misses you.
Okay, then.
Unknown command.
Robin says, "Duck!"
You fade into invisibility!
Robin's horned helmet rattles.
The goblin barely misses you.
You hit the goblin but do no damage. Your bite misses the goblin.
You closely miss the goblin. The goblin misses you.
You hit the goblin.
You kill the goblin!
The goblin hits you with a +0 club.
You die...

....# #..## #..#### #.....#
##....# ####### ###### ...#..#
#######.....# #....# ##....#
#...........# #....#
###.####...........########....#
####...##.......@)........##....#
.........######..g........##....#
.......#.# #...........##....#
.......#.# #....g......##....#
....####.#### ####........#......
#### #....# #........#......
####.# #........#...... #.####
#......(...g.... #....#
########.###.###


You could see Robin (unable to see you) and a goblin (strong, unable to see
you).

Vanquished Creatures
  A dart slug (D:1)
  A ball python (D:1)
  A bat (D:1)
  3 endoplasms
  2 giant cockroaches (D:1)
  10 goblins
  6 hobgoblins
  2 quokkas (D:2)
  2 frilled lizards (D:1)
  6 kobolds
  5 rats (D:1)
39 creatures vanquished.

Notes
Turn   | Place    | Note
-------+----------+-------------------------------------------
     0 | D:1      | Kallu the Vampire Enchanter began the quest for the Orb.
     0 | D:1      | Reached XP level 1. HP: 13/13 MP: 3/3
   188 | D:1      | Reached XP level 2. HP: 20/20 MP: 5/5
   278 | D:1      | Reached skill level 1 in Fighting
   283 | D:1      | Learned a level 2 spell: Ensorcelled Hibernation
   491 | D:1      | Reached skill level 5 in Hexes
   579 | D:1      | Found Yvveluw's General Store.
   918 | D:2      | Gained mutation: You are afflicted with vampirism and can
                  | become a bat while bloodless. [Vampire growth]
   918 | D:2      | Reached XP level 3. HP: 16/20 MP: 3/6
  1097 | D:2      | Noticed Robin
  1264 | D:2      | HP: 1/20 [goblin/+0 dagger[Robin] (1)]
  1270 | D:2      | Slain by a goblin

Illustrated notes

Levels and vault maps discovered:
D:1:      ncdulo_watergridlock, layout_basic, serial_shops, nicolae_shop_stone
D:2:      layout_basic, minmay_diced_spiral, uniq_robin

Skill      XL: |  1  2 |
---------------+-------+-----
Fighting       | 1 |  1.6
Hexes          | 5 |  5.4
Short Blades   | |  1.8
Dodging        | |  2.1
Stealth        | |  4.4
Spellcasting   | |  2.0

Action                     || total
---------------------------++-------
  Melee: Dagger            ||    94
         Bite              ||     5
         Punch             ||     1
   Cast: Ensorcelled Hiber ||    14
Ability: Exsanguinate      ||     1
    Use: Potion            ||     1
   Stab: Sleeping          ||    16
 Armour: Robe              ||    30
  Dodge: Dodged            ||    60
